Arrhythmia, chaotic female vampiric Convict --------- ---------- ------ |/))*(!!? --------- |.....[..| |....| ------------ |?*[?([*?? |.......| |......... |....|# |`.........| |+)![?%?%? # |.......| #%......... |.:..|[#)#######.....>...... |?!%![?!%?. ##........| ###|........| #..[@o.0 |..........| |%)!%)(?%+%| # |.......| ###..........#####.....|# --------.--- |[!)?%%!=[*-#[%###%...)....### -------.-- # |....|### # ------------ |.......|# #### ### --.-|- # ### --..-----# # # # ########## # ### ### ## # # # ## #### # ## ...|-----.# -.------# ------ ### # |........|# |......|####.....| # # |.<.......# |......-####|....| ----.--# |........| |......| ##|....| |.....|# |........| -------- ------ |......# |........| |.....| ---------- ------- Arrhythmia the Jail-bird Experience level: 8 Strength: 14 Dexterity: 12 Constitution: 17 Intelligence: 9 Wisdom: 11 Charisma: 10 Health: 0(80) Energy: 53(53) AC: 1 Gold: 605 Moves: 4110 Your Inventory: Coins $ - 605 gold pieces Armor b - a cursed +0 striped shirt (being worn) v - an [uncursed] +0 dwarvish mithril-coat (being worn) x - an [uncursed] +0 hooded cloak [dwarvish] (being worn) z - an [uncursed] +1 hard hat [dwarvish iron helm] (being worn) Potions f - an [uncursed] potion of oil Rings k - an [uncursed] copper ring [of cold resistance] s - an [uncursed] ring called Telepathy [of protection from shape changers] t - an [uncursed] ring called Warning [of warning] A - an [uncursed] wedding ring [of fire resistance] (on right hand) Tools e - an [uncursed] skeleton key B - an [uncursed +0] pick-axe (alternate weapon; not wielded) Iron balls c - an [uncursed] heavy iron ball (chained to you) (weapon in hand) Spells known in the end: Name Level Category Fail Memory a - restore ability 4 healing 100% [||||||||] Your skills at the end: Fighting Skills Weapon Skills sling [Basic / Skilled] Spellcasting Skills Final Attributes: You were piously aligned. Hunger level was -41. Your alignment was 30 / 30. Monster difficulty range was 0 - 5. Level difficulty was 3. You were immune to fire. You were immune to poison. You were immune to level-drain. You were immune to sickness. You were punished. You could fly. You could survive without air. You regenerated. You were unlucky (-3). Tymora was angry with you (1). You are dead. Vanquished creatures: a dingo a snake a Mordor orc an enormous rat a pony a yellow light a shrieker 6 gnome lords a gray ooze an elf zombie a straw golem a wax golem 5 giant ants 3 floating eyes 10 dwarves 5 hill orcs a centipede a giant bat a monkey 4 iguanas an acid blob a hobbit 2 large kobolds a giant rat 4 cave spiders a yellow mold 35 gnomes 9 garter snakes 5 geckos a kobold a goblin 2 sewer rats 4 lichens a kobold zombie 3 newts 118 creatures vanquished. Voluntary challenges: You went without food. You used a wielded weapon 6 times. You read items or engraved 218 times. You put on armor 9 times. You never genocided any monsters. You never polymorphed an object. You never changed form. You used no wishes. You wrote Elbereth's name 87 times. You encountered 1 bones level. You never used any Sokoban shortcuts. Dungeon overview: The Dungeons of Doom: levels 1 to 4 Level 1 a long staircase Level 3 <- You were here a general store Level 4 a sink stairs to The Gnomish Mines The Gnomish Mines: levels 5 to 8 Level 5 stairs to The Dungeons of Doom History has recorded: On T:1 you entered the Dungeons of Doom to retrieve the Amulet of Yendor! On T:238 you reached level 2 of The Dungeons of Doom. On T:326 you advanced to experience level 2. On T:394 you advanced to experience level 3. On T:796 you reached level 3 of The Dungeons of Doom. On T:970 you advanced to experience level 4. On T:1036 you advanced to experience level 5. On T:1471 you advanced to experience level 6. On T:1504 you reached level 4 of The Dungeons of Doom. On T:1717 you reached level 1 of The Gnomish Mines. On T:1758 you advanced to experience level 7. On T:2437 you reached level 2 of The Gnomish Mines. On T:2784 you reached level 3 of The Gnomish Mines. On T:2857 you reached level 4 of The Gnomish Mines. On T:2909 you advanced to experience level 8. Latest messages: The Mordor orc swings her curved sword. The Mordor orc hits! [HP-5=39] The gecko bites! [HP-2=37] The Mordor orc swings her curved sword. The Mordor orc hits! [HP-7=30] The gecko bites! The Mordor orc swings her curved sword. The Mordor orc hits! [HP-12=18] The gecko misses. [HP+1=19] [HP+1=20] The gecko bites! The Mordor orc swings her curved sword. The Mordor orc hits! [HP-5=15] The gecko bites! The Mordor orc swings her curved sword. The Mordor orc hits! You die... Final status: Goodbye Arrhythmia the Convict... You died in The Dungeons of Doom on dungeon level 3 with 4395 points, and 605 pieces of gold, after 4110 moves. You were level 8 with a maximum of 80 hit points when you died.